 Dungeon Crawl Stone Soup version 0.30.1-11-g7821555f0a (webtiles) character file.

Game seed: 4623912430189818719

231 tester4now the Trooper (level 5, -2/46 HPs)
             Began as a Draconian Fighter on Jan 3, 2024.
             Was an Initiate of Gozag.
             Slain by Pikel
             ... wielding a +0 whip of freezing
              (9 damage)
             ... on level 3 of the Dungeon.
             The game lasted 01:20:51 (4291 turns).

tester4now the Trooper (Draconian Fighter)          Turns: 4291, Time: 01:20:53

Health: -2/46      AC:  6    Str: 20    XL:     5   Next: 72%
Magic:  6/6        EV: 12    Int:  8    God:    Gozag
Gold:   30         SH:  4    Dex: 11    Spells: 6/6 levels left

rFire   . . .        z - +0 war axe
rCold   . . .        b - +0 buckler
rNeg    . . .        (body armour unavailable)
rPois   .            (helmet restricted)
rElec   .            f - +0 cloak {Will+}
rCorr   .            (no gloves)
SInv    .            (no boots)
Will    +....        (no amulet)
Stlth   ++           (no ring)
HPRegen 0.27/turn    (no ring)
MPRegen 0.10/turn

%: no passive effects
@: slowed, very slow
A: AC +5, unfitting armour, cold-blooded
a: Renounce Religion, Potion Petition, Call Merchant, Bribe Branch


You were on level 3 of the Dungeon.
You worshipped Gozag.
Gozag was noncommittal.
You visited 1 branch of the dungeon, and saw 4 of its levels.

You collected 318 gold pieces.
You spent 236 gold pieces at shops.
You paid 52 gold pieces to Gozag.

Inventory:

Hand Weapons
 a - a +0 long sword
 d - a +0 hand axe
 i - a +0 dagger
 r - a +1 heavy sling
 z - a +0 war axe (weapon)
Missiles
 h - 38 stones
 p - 3 atropa-tipped darts
Armour
 b - a +0 buckler (worn)
 f - a +0 cloak of willpower (worn)
Magical Staves
 m - a staff of cold
Wands
 w - a wand of polymorph (7)
Scrolls
 e - a scroll of fear {unknown}
 g - a scroll of enchant armour {unknown}
 k - a scroll of immolation {unknown}
 l - a scroll of amnesia {unknown}
 n - a scroll of teleportation
 o - a scroll of blinking
 q - 2 scrolls of noise
 v - a scroll of torment {unknown}
 x - a scroll of butterflies
 y - a scroll of identify
Potions
 c - 3 potions of might
 j - 3 potions of curing
 s - a potion of brilliance {unknown}
 t - a potion of invisibility {unknown}
 u - a potion of flight {unknown}


   Skills:
 + Level 4.0 Fighting
 - Level 1.3(2.0) Short Blades
 - Level 2.1(2.3) Long Blades
 + Level 2.8 Axes
 - Level 0.1 Ranged Weapons
 - Level 2.0 Throwing
 - Level 3.0 Dodging
 - Level 2.0 Stealth
 - Level 3.0 Shields
 - Level 1.0 Spellcasting


You had 6 spell levels left.
You didn't know any spells.
Your spell library contained the following spells:

 Spells                   Type           Power      Damage    Failure   Level
 Beastly Appendage        Tmut           0%         N/A       43%         1
 Cigotuvi's Dreadful Rot  Necr/Pois/Air  0%         N/A       58%         2
 Wereblood                Tmut           0%         N/A       58%         2
 Gell's Gravitas          Tloc           0%         N/A       82%         3
 Ignite Poison            Fire/Tmut/Pois 0%         N/A       82%         3
 Spider Form              Tmut/Pois      0%         N/A       82%         3
 Teleport Other           Tloc           0%         N/A       82%         3
 Cause Fear               Hex            0%         N/A       99%         4
 Dispel Undead            Necr           0%         3d6       99%         4
 Freezing Cloud           Conj/Ice/Air   0%         6-21      100%        5
 Death Channel            Necr           0%         N/A       100%        6
 Dispersal                Tloc           0%         N/A       100%        6
 Dragon Form              Tmut           0%         N/A       100%        7
 Dragon's Call            Summ           0%         N/A       100%        9


Dungeon Overview and Level Annotations

Branches:
Dungeon (4/15)
 Temple: D:4-7

Altars:
Fedhas
Gozag
Kikubaaqudgha
Xom
Yredelemnul

Shops:
D:3 (?*[?   D:4 [

Annotations:
D:2 Terence
D:3 1 runed translucent door, Crazy Yiuf, Pikel
D:4 Sigmund


Innate Abilities, Weirdness & Mutations

Your plain brown scales are hard. (AC +5)
You cannot fit into any form of body armour.
You are cold-blooded and may be slowed by cold attacks.


Message History

You barely miss Pikel.
Your tail-slap misses Pikel.
Pikel is heavily wounded.
You closely miss the lemure. You block Pikel's attack.
The lemure completely misses you.
You closely miss Pikel.
Pikel is heavily wounded.
You closely miss the lemure.
Pikel hits you with a +0 whip of freezing.
Pikel freezes you. The lemure hits you but does no damage.
Pikel hits you with a +0 whip of freezing.
* * * LOW HITPOINT WARNING * * *
You feel yourself slow down. Pikel freezes you.
* * * LOW HITPOINT WARNING * * *
The lemure closely misses you.
Unknown command.
Press: ? - help, v - describe, . - travel
Here: Pikel, wielding a +0 whip of freezing and wearing a +0 robe (heavily wounded)
The floor, spattered with blood.
Okay, then.
Blink to where?
Press: ? - help, Dir - move target
As you read the scroll of blinking, it crumbles to dust.
You feel yourself speed up.
Press: ? - help, v - describe, . - travel The floor.
You hit Pikel.
Your tail-slap misses Pikel.
Pikel is heavily wounded.
You block Pikel's attack.
You closely miss Pikel.
Pikel is heavily wounded.
Pikel closely misses you.
You barely miss Pikel.
Pikel is heavily wounded.
Pikel hits you with a +0 whip of freezing.
* * * LOW HITPOINT WARNING * * *
You feel yourself slow down. Pikel freezes you.
* * * LOW HITPOINT WARNING * * *
Pikel hits you with a +0 whip of freezing!
You die...
Your body crumbles into a pile of gold.

........)#.#.#.....<..#
#######...............#
###..#.#.......##
#............##
#####.###.#.######
##.....# #...#
###..########.##
..........###.######
###.....#.....5K@..#
#.......##....###.###
##.......##....#
#...#######
...............#
###.......#
#.#.....###....#
##......#
........###.####
#......# ≈≈......#§..#
#......# .≈........###
#......# .≈...#...##
#......#


You could see Pikel and a lemure.

Vanquished Creatures
  An ogre (D:4)
  2 lemures (D:3)
  An orc wizard (D:3)
  5 adders
  3 dart slugs
  3 orcs (D:3)
  6 ball pythons
  3 bats
  9 endoplasms
  2 giant cockroaches
  10 hobgoblins
  4 jackals
  4 kobolds (D:3)
  2 quokkas
  2 frilled lizards (D:1)
  6 goblins
  7 rats
70 creatures vanquished.

Notes
Turn   | Place    | Note
-------+----------+-------------------------------------------
     0 | D:1      | tester4now the Draconian Fighter began the quest for the
                  | Orb.
     0 | D:1      | Reached XP level 1. HP: 19/19 MP: 1/1
   106 | D:1      | Reached XP level 2. HP: 26/26 MP: 2/2
   593 | D:1      | Reached skill level 1 in Stealth
   957 | D:2      | Reached XP level 3. HP: 27/33 MP: 3/3
  1036 | D:2      | Reached skill level 4 in Fighting
  1048 | D:2      | Noticed Terence
  2039 | D:3      | Found an ancient bone altar of Kikubaaqudgha.
  2039 | D:3      | Found a basalt altar of Yredelemnul.
  2039 | D:3      | Found a blossoming altar of Fedhas.
  2095 | D:3      | Reached XP level 4. HP: 40/40 MP: 4/4
  2139 | D:3      | Reached skill level 1 in Short Blades
  2148 | D:3      | Reached skill level 1 in Throwing
  2158 | D:3      | Found Deon's Antique Weapon Emporium.
  2204 | D:3      | Found Aticywiu's Magic Scroll Shoppe.
  2211 | D:3      | Bought a scroll of identify for 20 gold pieces
  2221 | D:3      | Found an opulent altar of Gozag.
  2222 | D:3      | Found Gozag's Platinum Reserve.
  2386 | D:3      | Reached skill level 1 in Axes
  2533 | D:3      | Became a worshipper of Gozag Ym Sagoz the Greedy
  2773 | D:3      | Found Pidov's Magic Scroll Shoppe.
  2783 | D:3      | Bought a scroll of butterflies for 40 gold pieces
  2783 | D:3      | Bought a scroll of identify for 20 gold pieces
  2783 | D:3      | Bought a scroll of teleportation for 30 gold pieces
  2792 | D:3      | Found Ciskagec's Armour Shop.
  2989 | D:3      | Found a runed translucent door.
  2990 | D:3      | Noticed Crazy Yiuf
  3030 | D:4      | Noticed an ogre
  3111 | D:4      | Reached XP level 5. HP: 46/46 MP: 5/5
  3149 | D:4      | Found a basalt altar of Yredelemnul.
  3151 | D:4      | Found an opulent altar of Gozag.
  3151 | D:4      | Found a shimmering altar of Xom.
  3153 | D:4      | Found a burning altar of Makhleb.
  3153 | D:4      | Found an iron altar of Okawaru.
  3153 | D:4      | Found a hazy altar of Hepliaklqana.
  3474 | D:4      | Found Emiobes's Antique Armour Boutique.
  3590 | D:4      | Killed an ogre
  3591 | D:4      | Reached skill level 1 in Spellcasting
  3762 | D:4      | Noticed Sigmund
  3762 | D:4      | Noticed Pikel
  3762 | D:4      | Noticed a lemure
  3787 | D:4      | Noticed a lemure
  3790 | D:4      | Noticed a lemure
  3909 | D:3      | Bought a +0 cloak of willpower for 126 gold pieces
  3987 | D:4      | Noticed a lemure
  4125 | D:3      | Killed a lemure
  4156 | D:3      | Killed a lemure
  4291 | D:3      | Slain by Pikel

Illustrated notes

Levels and vault maps discovered:
D:1:      shiori_shiawase, layout_basic, hangedman_decor_push
D:2:      layout_basic, minmay_octomino_c4, uniq_terence
D:3:      layout_rooms, nicolae_gozag_zags_fifth_avenue,
          grunt_temple_overflow_open, serial_shops,
          nicolae_shop_real_fake_doors, nicolae_shop_statue_plus,
          nicolae_shop_behind_doors, nicolae_square_shop,
          hangedman_decor_riveting, uniq_crazy_yiuf_cottage
D:4:      layout_layer_cave, doesnt_xom_only_xom, serial_shops, shop, shop,
          uniq_sigmund, uniq_pikel, uniq_eustachio

Skill      XL: |  1  2  3  4  5 |
---------------+----------------+-----
Stealth        | 1 2 |  2.0
Dodging        | 3 |  3.0
Fighting       | 4 |  4.0
Short Blades   | 1 |  1.3
Throwing       | 1 2 |  2.0
Axes           | 1 2 |  2.8
Spellcasting   | 1 |  1.0
Long Blades    | |  2.1
Ranged Weapons | |  0.1
Shields        | |  3.0

Action                     |  1- 3 |  4- 6 || total
---------------------------+-------+-------++-------
  Melee: Long sword        |    68 |       ||    68
         Tailslap          |     9 |    11 ||    20
         Dagger            |     4 |     5 ||     9
         Hand axe          |       |    82 ||    82
         War axe           |       |    44 ||    44
   Fire: Sling             |    63 |    29 ||    92
    Use: Scroll            |       |     6 ||     6
         Potion            |       |     4 ||     4
   Stab: Distracted        |       |     1 ||     1
 Armour: Skin              |    35 |    38 ||    73
  Dodge: Dodged            |    37 |    82 ||   119
  Block: Buckler           |    20 |    30 ||    50
